Map: Lerilak Crest

Players

PtitDrogo - Winner!

  • Race: Protoss Protoss
  • League: Master

uThermal

  • Race: Terran Terran
  • League: Grandmaster

Event: DreamHack ZOWIE Open Leipzig

VOD

Have the link to the VOD?

Description

Time

  • Played on: Jan. 23, 2016, 2:37 p.m.
  • Length: 6:27

All games in this series

Show
View Real Time Build Order
Export as new Build Order

PtitDrogo Protoss - Winner!

Build Orders: 1 Gate Expand 

Get SALT Encoding   

  12  0:01  Probe (Chrono Boost)  
  13  0:11  Probe (Chrono Boost)  
  14  0:17  Pylon  
  14  0:22  Probe (Chrono Boost)  
  16  0:35  Probe (Chrono Boost)  
  16  0:36  Gateway  
  16  0:42  Assimilator  
  16  0:46  Probe (Chrono Boost)  
  17  0:57  Probe (Chrono Boost)  
  18  1:07  Probe (Chrono Boost)  
  19  1:19  Nexus  
  19  1:26  Probe (Chrono Boost)  
  19  1:31  Cybernetics Core  
  20  1:36  Probe (Chrono Boost)  
  20  1:39  Assimilator  
  21  1:47  Probe (Chrono Boost)  
  21  1:50  Pylon  
  22  1:58  Probe (Chrono Boost)  
  23  2:08  Adept  
  23  2:09  Mothership Core (Chrono Boost)  
  27  2:19  Warp Gate (Chrono Boost)  
  27  2:27  Probe (Chrono Boost)  
  28  2:30  Probe (Chrono Boost)  
  29  2:38  Probe, Robotics Facility  
  29  2:40  Probe  
  31  2:50  Probe x2  
  33  3:03  Gateway  
  33  3:04  Gateway  
  33  3:05  Probe  
  33  3:06  Probe  
  35  3:15  Probe  
  36  3:23  Stalker (Chrono Boost)  
  37  3:37  Immortal (Chrono Boost)  
  37  3:38  Probe  
  38  3:47  Probe  
  43  3:57  Pylon  
  43  3:59  Pylon  
  43  4:10  Pylon  
  43  4:17  Stalker x2, Observer  
  48  4:28  Pylon  
  48  4:38  Probe  
  48  4:42  Stalker  
  49  4:55  Stalker x2  
  43  5:12  Stalker  
  40  5:15  Probe x2  
  42  5:22  Sentry x2  
  42  5:27  Probe  
  47  5:32  Immortal (Chrono Boost)  
  51  5:39  Adept  
  50  5:51  Stalker x2  
  54  5:58  Probe  
  53  6:05  Probe  
  53  6:11  Probe  
  55  6:16  Zealot  
Show
View Real Time Build Order
Export as new Build Order

uThermal Terran 

Build Orders: 1/1/1, Liberator Opening 

Get SALT Encoding   

  12  0:00  SCV  
  13  0:13  SCV  
  14  0:17  Supply Depot  
  14  0:25  SCV  
  15  0:30  Refinery  
  15  0:39  SCV  
  16  0:45  Barracks  
  16  0:51  SCV  
  17  1:03  SCV  
  18  1:09  Refinery  
  18  1:15  SCV  
  19  1:32  Orbital Command  
  19  1:33  Factory, Marine  
  20  1:44  Supply Depot  
  20  1:51  Barracks Reactor  
  20  1:58  SCV  
  21  2:10  SCV  
  22  2:17  Starport  
  22  2:23  Supply Depot  
  22  2:31  Hellion x2  
  22  2:35  Barracks Tech Lab  
  26  2:38  SCV  
  26  2:44  Liberator  
  27  2:52  Hellion x2  
  32  3:21  Siege Tank, Marine x2  
  32  3:24  Supply Depot  
  37  3:39  Marine x2  
  37  3:48  Medivac  
  39  3:54  Siege Tank  
  39  3:55  Supply Depot  
  42  3:57  Marine  
  42  4:00  Liberator, Marine  
  44  4:15  Marine  
  45  4:18  Marine  
  49  4:30  Siege Tank  
  52  4:32  Supply Depot  
  52  4:33  Marine  
  52  4:36  Marine  
  54  4:43  Liberator  
  54  4:51  Marine  
  55  4:54  Marine  
  53  5:02  SCV  
  53  5:09  Marine  
  53  5:12  Marine  
  47  5:17  Barracks  
  47  5:19  Barracks  
  47  5:20  Siege Tank  
  48  5:27  Marine  
  47  5:29  SCV, Marine  
  49  5:41  SCV  
  48  5:44  Marine  
  49  5:54  Marine  
  53  5:57  Supply Depot  
  53  6:06  Marine x2  

Tags
 
Add a new tag
Caveats
  • Supply blocks, unpowered buildings, or Contaminate may cause inaccurate times.
  • Supply counts are checked every 10 seconds.